[Event "Svetozar Gligoric Masters 2022"]
[Site "Belgrade"]
[Date "2022.07.21"]
[Round "6.16"]
[White "Ohanyan, Emin"]
[Black "Bazyrtsyrenov, Kirill"]
[Result "1/2-1/2"]
[ECO "B38"]
[WhiteElo "2354"]
[BlackElo "2147"]
[Annotator "TA"]
[PlyCount "202"]
[EventDate "2022.07.18"]
[EventCountry "SRB"]
[SourceTitle "playchess.com"]
[Source "ChessBase"]
[SourceQuality "1"]
[TimeControl "40/5400+30:900+30"]

1. e4 c5 2. Nf3 Nc6 3. d4 cxd4 4. Nxd4 g6 5. c4 Bg7 6. Be3 Nf6 7. Nc3 d6 8. Be2 O-O 9. O-O Bd7 10. Rc1 Nxd4 11. Bxd4 Bc6 12. f3 {12.Qd3 is vanishing.} a5 13. c5 (13. Be3 $14) 13... e5 $11 {B38: Sicilian: Maroczy Bind with 5...Bg7 and 7...0-0.} 14. Bf2 d5 15. exd5 Nxd5 16. Nxd5 {[#]} Bxd5 $146 ({Predecessor:} 16... Qxd5 17. Bc4 Qxd1 18. Rcxd1 Rfd8 19. b3 Bh6 20. Rfe1 Rxd1 21. Rxd1 Bg5 22. a3 Kf8 {1-0 (45) Janssen,R (2290)-Spiridonov,N (2395) Cannes 1998}) 17. Qc2 Qf6 18. Bd3 Qe6 19. Be4 Rfd8 20. Rfd1 Rac8 (20... Bh6 $11 {feels stronger.} 21. Ra1 Bc6) 21. Qa4 (21. Qd2 $14 Bxe4 22. Qxd8+ Rxd8 23. Rxd8+ Bf8 24. fxe4) 21... Bxe4 22. fxe4 Bh6 23. Ra1 Bd2 24. Qc2 Bg5 25. a3 Rxd1+ 26. Rxd1 Be7 27. b4 axb4 28. axb4 Ra8 29. h3 Ra2 {[#]} 30. Qd3 ({White should try} 30. Qc3 $1 $16) 30... Rb2 $1 ({Resist} 30... Qf6 31. Bg3 $16) 31. Qb5 Qc6 32. Qxc6 bxc6 {[%mdl 4096] Endgame KRB-KRB} 33. Be1 f5 34. exf5 gxf5 35. Bc3 Rb3 36. Bxe5 Rxb4 37. Bd6 Bg5 38. Re1 Re4 39. Ra1 Be7 40. Ra6 Bxd6 $1 41. cxd6 {KR-KR} Kf7 42. Rxc6 Ke6 43. Kf2 h5 44. d7+ Kxd7 45. Rf6 Re5 46. Rh6 Ke7 47. Kf3 Kf7 (47... Rb5 $11 {remains equal.}) 48. Rxh5 $16 {Threatens to win with Kf4.} Kg6 49. Rh8 Ra5 50. Re8 Ra3+ 51. Re3 Ra4 52. Re6+ Kg5 {[#]} 53. Re8 ({White should play} 53. g3 $1 $16) 53... Ra3+ (53... Rf4+ $11 54. Kg3 Ra4) 54. Kf2 (54. Re3 $16 Ra1 55. g3) 54... Ra2+ $11 55. Kg3 Ra3+ 56. Kh2 Kg6 57. Rg8+ Kf7 58. Rg5 Kf6 59. h4 Ra4 60. Kh3 Ra1 61. Rg8 Kf7 62. Rb8 Ra3+ 63. Kh2 Kg6 (63... Ra4 $11) 64. Rg8+ (64. Rb4 $16) 64... Kf7 {The position is equal.} 65. Rg3 Ra4 $1 66. h5 Rh4+ 67. Rh3 Re4 68. h6 Kg8 69. h7+ Kh8 70. Rh5 Re7 71. Kg3 Rg7+ 72. Kh3 Rg6 73. Kh2 Rg7 74. Kh3 Rg6 75. g3 Rg7 76. Kh4 Rg4+ 77. Kh3 Rg7 78. Rxf5 Kxh7 79. Kh4 {Intending Rh5+ and mate.} Ra7 80. Kh5 Ra6 81. Rf7+ Kg8 82. Rb7 Ra5+ 83. Kg6 Ra6+ 84. Kh5 Ra5+ 85. Kh4 Ra4+ 86. g4 Ra5 87. g5 Ra4+ 88. Kh5 Ra6 89. Re7 Rb6 90. Kg4 Rb4+ 91. Kf5 Rb5+ 92. Kg6 Rb6+ 93. Kh5 Ra6 (93... Kf8 $5 94. Ra7 Kg8 $11) 94. g6 Ra1 95. Kh6 Rh1+ 96. Kg5 Rg1+ 97. Kf6 Rf1+ 98. Ke6 Re1+ 99. Kf6 Rxe7 {[%mdl 64] Remove Defender} 100. Kxe7 Kg7 101. Ke8 Kxg6 {Weighted Error Value: White=0.10 (very precise) /Black=0.09 (flawless)} 1/2-1/2

[Event "Svetozar Gligoric Masters 2022"]
[Site "Belgrade"]
[Date "2022.07.21"]
[Round "6.17"]
[White "Sharan, Rao"]
[Black "Makaraci, Tunahan"]
[Result "0-1"]
[ECO "A06"]
[WhiteElo "2342"]
[BlackElo "2130"]
[Annotator "TA"]
[PlyCount "54"]
[EventDate "2022.07.18"]
[EventCountry "SRB"]
[SourceTitle "playchess.com"]
[Source "ChessBase"]
[SourceQuality "1"]
[TimeControl "40/5400+30:900+30"]

1. Nf3 d5 2. b3 Bg4 3. Bb2 Nd7 4. d4 Ngf6 5. e3 e6 6. Be2 {A06: Réti Opening: 1 Nf3 d5.} Bd6 7. c4 c6 8. Nc3 {The position is equal.} Ne4 9. O-O f5 10. h3 Bxf3 11. Bxf3 O-O {[#]} 12. a4 $146 ({Predecessor:} 12. Rc1 Ndf6 13. a4 Qe7 14. g3 Rad8 15. Kg2 g5 16. Qc2 h5 17. Rh1 Qf7 18. Rcf1 {0-1 (41) Carrillo Carrillo,M (1861)-Martinez Puigros,R (1882) ICCF email 2020}) 12... Qe7 13. Qc1 Ng5 14. Qd1 Rf6 15. Re1 (15. Bh5 $1 $15) 15... Rg6 $17 {Black is more active.} 16. Kf1 Rf8 17. Nb1 (17. cxd5 $17 {is a better defense.} exd5 18. Bh5) 17... Ne4 $19 18. Ba3 Qh4 $1 19. Qc2 Bxa3 20. Rxa3 Ndf6 21. Nc3 Ng5 ({Stronger than} 21... Nxc3 22. Qxc3 Ng4 23. Ra2 (23. hxg4 $2 fxg4 24. g3 Qf6 $19) 23... Nh2+ 24. Ke2 $17) 22. Qd1 $2 (22. Ke2 Nxf3 23. gxf3) 22... Nfe4 23. Bxe4 fxe4 24. Ra2 {[#]} Nf3 $1 25. cxd5 {[#]} (25. Qa1 Nh2+) 25... exd5 $1 26. g3 {[#]} (26. Qc1 Nh2+) 26... Rxg3 27. fxg3 Qxg3 {Weighted Error Value: White=1.47/Black=0.88} 0-1

[Event "Svetozar Gligoric Masters 2022"]
[Site "Belgrade"]
[Date "2022.07.21"]
[Round "6.18"]
[White "Song, Raymond"]
[Black "Masic, Predrag"]
[Result "1-0"]
[ECO "B12"]
[WhiteElo "2499"]
[BlackElo "2242"]
[Annotator "TA"]
[PlyCount "153"]
[EventDate "2022.07.18"]
[EventCountry "SRB"]
[SourceTitle "playchess.com"]
[Source "ChessBase"]
[SourceQuality "1"]
[TimeControl "40/5400+30:900+30"]

1. e4 c6 2. d4 d5 3. e5 c5 4. Nf3 e6 5. Bd3 cxd4 6. O-O {B12: Caro-Kann: Advance Variation.} Nc6 7. Nbd2 Nge7 8. Nb3 {White is slightly better.} Ng6 {[#]} 9. Re1 $146 ({Predecessor:} 9. Qe2 Qb6 10. h4 Bd7 11. g3 f6 12. Bxg6+ hxg6 13. Qd3 O-O-O 14. Bf4 fxe5 15. Bxe5 Nxe5 16. Nxe5 {0-1 (48) Tomazini,Z (2001)-Kostanjevec,T (1952) Slovenske Konjice 2007}) 9... Bb4 10. Bd2 Bxd2 11. Qxd2 O-O 12. Bxg6 fxg6 13. Nbxd4 Qb6 14. c3 Bd7 15. Re2 Rae8 16. Qg5 Ne7 17. Qg4 h6 18. Rae1 Rf7 19. g3 Ref8 20. Kg2 Qa6 21. a3 Qd3 22. Re3 Qc4 23. h3 g5 24. R1e2 {Active counter play!} Qa6 25. h4 gxh4 26. Nxh4 g5 27. Rf3 Rxf3 28. Nhxf3 Qd3 29. Re1 Qg6 30. Rh1 Kg7 31. Ne1 (31. a4 $11 {keeps the balance.}) 31... Nc6 (31... Qf7 32. Nd3 $16) ({Black should try} 31... Qe4+ $1 $17 32. Qxe4 dxe4) 32. Nef3 $11 Ne7 33. Re1 Rf7 34. Nd2 Rf8 35. Qe2 Rf7 36. Qe3 (36. N2f3 {feels hotter.} Qh5 37. Rh1 Qg4 38. Qd2) 36... b6 37. a4 Nc6 38. Nb5 Qc2 39. Nd6 Rf8 40. Nf3 Qg6 ({Much less strong is} 40... Qxa4 41. Nxg5 $1 Qg4 42. Nf3 $16 (42. Ngf7 Rxf7 43. Nxf7 Kxf7 $11)) 41. Nd4 Kg8 42. b3 Qg7 43. Qe2 Qg6 44. N6b5 Nxd4 45. Nxd4 Qf7 46. Ra1 a6 47. Ra2 Bc8 48. Rd2 Qg6 49. Rd3 Qe4+ 50. Qxe4 dxe4 $14 {[%mdl 4096] Endgame KRB-KRN} 51. Re3 Kf7 52. g4 Bb7 53. Kf1 Kg6 54. Ke2 ({Reject} 54. Nxe6 Re8 55. Nd4 Rxe5 $11) 54... Rc8 55. a5 bxa5 56. Nxe6 a4 (56... Bd5 $5 57. Nd4 a4 $14) 57. bxa4 Bd5 58. Nd4 Re8 59. Rh3 Rxe5 60. Ke3 Be6 61. Nxe6 Rxe6 $11 {KR-KR} 62. c4 {Hoping for a5.} (62. a5 $5 ) 62... Kf7 63. Kd4 {And now a5 would win.} Rf6 (63... Ke7 $11) 64. Kxe4 $14 {Black must now prevent Rf3.} Rf4+ $1 65. Kd5 Rxf2 $2 {[%mdl 8192] This costs Black the game.} (65... Rxg4 $14 66. Rxh6 Rf4) 66. Rxh6 $18 {White is clearly winning.} Rf4 67. Rxa6 Rxg4 68. c5 Rg1 69. Ra7+ Kf6 70. c6 Rd1+ {[#]} 71. Kc5 $1 Rc1+ 72. Kb6 Rb1+ 73. Ka6 Rc1 74. Kb7 Rb1+ 75. Kc8 g4 76. Rb7 Ra1 77. Rb4 {Weighted Error Value: White=0.10 (very precise) /Black=0.09 (flawless)} 1-0

[Event "Svetozar Gligoric Masters 2022"]
[Site "Belgrade"]
[Date "2022.07.21"]
[Round "6.20"]
[White "Srija, Seshadri"]
[Black "Damjanovic, Vuk"]
[Result "1-0"]
[ECO "C41"]
[WhiteElo "2208"]
[BlackElo "2393"]
[Annotator "TA"]
[PlyCount "103"]
[EventDate "2022.07.18"]
[EventCountry "SRB"]
[SourceTitle "playchess.com"]
[Source "ChessBase"]
[SourceQuality "1"]
[TimeControl "40/5400+30:900+30"]

1. e4 d6 2. d4 Nf6 3. Nc3 e5 4. Nf3 Nbd7 5. Bc4 Be7 6. a4 c6 {C41: Philidor Defence.} 7. a5 O-O 8. dxe5 (8. O-O $11) 8... dxe5 $15 {Black is slightly better.} ({Don't play} 8... Nxe5 9. Be2 $11) 9. O-O {[#]} Bb4 $146 ({Predecessor:} 9... Rb8 10. Qe2 b5 11. axb6 axb6 12. Be3 Qc7 13. Nh4 Nc5 14. Bxc5 Bxc5 15. Nf5 g6 16. Qd2 {½-½ (26) Richtrova,E (2183)-Marsalek,Z (2198) Pardubice 2020}) 10. Qe2 Bxa5 11. Rd1 Qc7 12. Bg5 (12. Bd2 $15) 12... b5 $17 13. Ba2 Bb4 ({Black should try} 13... h6 $17 14. Bd2 Bb6) 14. Nh4 h6 15. Rxd7 Qxd7 ({Of course not} 15... Nxd7 $6 16. Qh5 Nc5 17. Bxh6 $11) (15... Bxd7 $17 16. Bxf6 Bxc3 17. bxc3 Qd6) 16. Bxf6 $15 {[%cal Oh4f5] [#] Threatens to win with Nf5!} Qd6 $1 (16... gxf6 $2 17. Nf5 Kh7 18. Qe3 Qxf5 19. exf5 Bxc3 20. Qxc3 $18) 17. Bxe5 Qxe5 18. Ng6 $1 Qc5 19. Nxf8 Bxc3 20. Qf3 $1 Bf6 {This bishop pair is nice.} 21. e5 Qxe5 22. Qxc6 $40 {[%mdl 128] White is up to no good.} Qxb2 23. Re1 {Chess con chili.} Qxa2 24. Qxa8 Qa5 $2 {White leaves nothing to chance now.} (24... Qxc2 $11 {and Black is okay.} 25. Nd7 Bd4 26. Re8+ Kh7 27. Nf8+ Kh8 28. Ng6+ Kh7 29. Nf8+ Kh8 30. Ng6+ Kh7 31. Nf8+) 25. Qe4 $18 {White threatens Qh7+ and mate.} g5 {[#]} (25... Bf5 {is a better defense.} 26. Qe8 Qd8) 26. Qh7+ $1 Kxf8 27. Qxh6+ Bg7 28. Qd6+ Kg8 29. Re8+ Kh7 {( -> ...Qa1+)} 30. Qd3+ f5 {Hoping for ...Qa1+.} 31. Rxc8 {[%mdl 4096] Endgame KQR-KQB} Qe1+ 32. Qf1 Qe6 33. Rc7 Qb6 34. Rd7 Kg6 35. Qd3 {aiming for g4.} Bf6 36. g4 (36. Qd5 $142 g4 37. Qg8+ Bg7 38. Rxg7+ Kf6 39. Rd7 Qc5 40. Qd8+ Kg6 41. Qe8+ Kf6 42. Rf7+ Kg5 43. Rg7+ Kf4 44. Qe2 Qc3 45. g3+ Qxg3+ 46. fxg3#) 36... Qe6 37. Rxa7 Qe1+ 38. Kg2 Qe5 39. gxf5+ {White mates.} Qxf5 40. Rb7 Qxd3 41. cxd3 {KR-KB} b4 42. Rxb4 Kf5 43. Kf3 Be5 44. h3 Bc3 45. Rb5+ Kg6 46. Kg4 Bd2 47. Rb6+ Kf7 48. Kf5 Ke7 49. Rg6 Kf7 50. Rxg5 Bxg5 51. Kxg5 Ke6 52. Kg6 {Weighted Error Value: White=0.07 (flawless) /Black=0.58} 1-0

[Event "Svetozar Gligoric Masters 2022"]
[Site "Belgrade"]
[Date "2022.07.21"]
[Round "6.21"]
[White "Brilej, Jaka"]
[Black "Arias Gaviria, Mario Alexis"]
[Result "0-1"]
[ECO "C22"]
[WhiteElo "2364"]
[BlackElo "2231"]
[Annotator "TA"]
[PlyCount "100"]
[EventDate "2022.07.18"]
[EventCountry "SRB"]
[SourceTitle "playchess.com"]
[Source "ChessBase"]
[SourceQuality "1"]
[TimeControl "40/5400+30:900+30"]

1. e4 e5 2. d4 exd4 3. Qxd4 Nc6 4. Qd3 Nf6 5. Nc3 Bc5 6. Bf4 {C22: Centre Game.} d6 7. Qd2 O-O 8. O-O-O {[#] The position is equal.} a6 $146 ({Predecessor:} 8... Be6 9. f3 Nd7 10. h4 Nce5 11. Nh3 a6 12. Be3 b5 13. Nf4 Bxe3 14. Qxe3 Nb6 {1-0 (28) Mamedyarov,S (2770)-Adams,M (2716) Tornelo INT 2021}) 9. f3 b5 10. Kb1 Bd7 11. h4 b4 12. Nce2 a5 13. h5 h6 14. g4 Nh7 {Inhibits g5.} 15. Be3 Bxe3 16. Qxe3 a4 17. Nd4 Ne5 18. Bb5 $2 {[#]} (18. Nge2 $17 {might work better.}) 18... c6 (18... c5 $1 $19 19. Bxd7 cxd4 20. Qxd4 Nxd7 21. Qxb4 a3) 19. Be2 $17 a3 20. b3 c5 21. Nb5 (21. Nf5 $17 Bxf5 22. gxf5) 21... Bxb5 $19 22. Bxb5 Qf6 23. Kc1 $2 (23. Qc1) 23... Rab8 24. Be2 Nc6 {Threatens to win with ...Qb2+.} 25. Bd3 Qb2+ 26. Kd2 Qxa2 27. Ne2 Qb2 {White must now prevent ...a2.} 28. f4 (28. Ke1 $142) 28... Nd4 29. Nxd4 cxd4 {Dancing on a razor blade.} 30. Qg3 (30. Qf3 $142) 30... Rfe8 {aiming for ...Nf6.} 31. Qf3 Nf6 {Strongly threatening ...Qc3+.} 32. Rhe1 Qc3+ 33. Ke2 {[#]} Nxe4 $1 34. Bxe4 d5 {[%mdl 64] Pin} 35. Qxc3 dxc3 36. Kf3 dxe4+ 37. Rxe4 Rxe4 38. Kxe4 {[%mdl 4096] Endgame KR-KR} Re8+ 39. Kf3 f6 40. Kf2 Kf7 41. Kf3 Re7 42. Kf2 Ke8 43. Rd4 Ra7 {And now ...a2 would win.} 44. Rd1 Rd7 45. Rc1 Rd2+ 46. Ke3 Ke7 47. Ke4 Ke6 48. Kf3 Kd5 {...a2 is the strong threat.} 49. Ke3 a2 50. f5 {[#]} Rxc2 $3 {[%mdl 512] Weighted Error Value: White=0.86/Black=0.16 (very precise)} 0-1

[Event "Svetozar Gligoric Masters 2022"]
[Site "Belgrade"]
[Date "2022.07.21"]
[Round "6.22"]
[White "Granovskiy, Alexandr"]
[Black "Tisaj, Domen"]
[Result "1/2-1/2"]
[ECO "D35"]
[WhiteElo "2177"]
[BlackElo "2355"]
[Annotator "TA"]
[PlyCount "140"]
[EventDate "2022.07.18"]
[EventCountry "SRB"]
[SourceTitle "playchess.com"]
[Source "ChessBase"]
[SourceQuality "1"]
[TimeControl "40/5400+30:900+30"]

1. d4 Nf6 2. c4 e6 3. Nc3 d5 4. cxd5 exd5 5. Bg5 c6 6. e3 h6 7. Bh4 Be6 {D35: Queen's Gambit Declined: Exchange Variation.} 8. Bd3 Nbd7 9. Qc2 g5 10. Bg3 Nh5 11. Nge2 Nxg3 12. Nxg3 h5 13. Nf5 Qf6 14. O-O-O O-O-O 15. h3 {[#]} Kb8 $146 ({Predecessor:} 15... h4 16. Kb1 Kb8 17. Rhf1 Rg8 18. g4 Nb6 19. f4 Bxf5 20. Bxf5 Nc4 21. Qd3 Bd6 {1-0 (47) Salem,A (2690)-Mastrovasilis,D (2627) Warsaw 2021}) 16. g4 Nb6 17. Kb1 Bb4 18. f3 Bxf5 19. Bxf5 Bxc3 20. Qxc3 hxg4 21. Bxg4 Rde8 22. Rhe1 Nc4 23. e4 Qf4 24. Qc1 Qxc1+ 25. Kxc1 Kc7 26. e5 Rh4 27. b3 Nb6 28. f4 gxf4 29. Rf1 Re7 30. Rxf4 Nd7 31. Rdf1 Rh7 32. Bf5 Rh6 33. Bxd7 Kxd7 $11 {[%mdl 4096] Endgame KRR-KRR} 34. R1f3 Rh7 35. Kd2 Ke8 36. Rg4 Kf8 37. h4 Re6 38. b4 Reh6 39. Rff4 Ke7 40. Ke3 f6 41. exf6+ Rxf6 42. Kf2 Rfh6 43. a4 Kd6 44. a5 b6 45. axb6 axb6 46. Kg3 Kc7 47. Rg5 Kb7 48. b5 Rd6 49. h5 cxb5 50. Rg6 Rdd7 51. Rff6 Ka6 52. Rxb6+ Ka5 53. h6 Kb4 54. Rgc6 Rb7 55. Rxb7 Rxb7 {KR-KR} 56. Kf4 {[#] Black must now prevent Kf5.} Ka3 57. Ra6+ Kb2 58. Rg6 b4 59. Rg7 Rb6 60. Kg5 {White wants to mate with h7.} Rb8 $2 (60... Rxh6 $11 61. Kxh6 Kc3) 61. h7 Rh8 {[#]} 62. Kg6 $2 (62. Rc7 $1 {mates} Rxh7 63. Rxh7 Kc3 64. Rb7 Kxd4 65. Kf4 Kc3 66. Ke3 d4+ 67. Ke2) 62... Kc3 {The position is equal.} 63. Rb7 Kxd4 64. Rxb4+ Kc3 65. Rb7 d4 66. Rc7+ Kb2 67. Rd7 Kc3 68. Kg7 Rxh7+ 69. Kxh7 d3 70. Rxd3+ Kxd3 {Weighted Error Value: White=0.04 (flawless) /Black=0.12 (very precise)} 1/2-1/2

[Event "Svetozar Gligoric Masters 2022"]
[Site "Belgrade"]
[Date "2022.07.21"]
[Round "6.23"]
[White "Stamatiou, Rodolfos"]
[Black "Spasic, Petar"]
[Result "1-0"]
[ECO "B90"]
[WhiteElo "2189"]
[BlackElo "2336"]
[Annotator "TA"]
[PlyCount "65"]
[EventDate "2022.07.18"]
[EventCountry "SRB"]
[SourceTitle "playchess.com"]
[Source "ChessBase"]
[SourceQuality "1"]
[TimeControl "40/5400+30:900+30"]

1. e4 c5 2. Nf3 d6 3. d4 cxd4 4. Nxd4 Nf6 5. Nc3 a6 6. Be3 e5 7. Nb3 Be6 8. h3 {B90: Sicilian Najdorf: Unusual White 6th moves, 6 Be3 Ng4 and 6 Be3 e5.} b5 9. a4 {[#]} bxa4 $146 (9... b4 $11 {remains equal.} 10. Nd5 Nbd7) ({Predecessor:} 9... b4 10. Nd5 Bxd5 11. exd5 Nbd7 12. Qd2 Nb6 13. Qxb4 Nfxd5 14. Qe4 Nxe3 15. fxe3 Be7 {0-1 (37) Tanenbaum,Z (2137)-Nurmanova,A (2008) Chess.com INT 2021}) 10. Rxa4 $16 {White is better.} Be7 11. Bb5+ Bd7 12. Bxd7+ Nbxd7 13. Qd3 {White is much more active. The black rooks are badly placed.} a5 (13... O-O $142 14. O-O (14. Rxa6 Rxa6 15. Qxa6 Qc8 $16) 14... Qc7) 14. O-O $18 O-O 15. Rfa1 Nh5 16. Nxa5 {Threatens to win with Nc6.} Nb8 {Inhibits Nc6.} (16... Nf4 {was called for.} 17. Qf1 Qc8) 17. Qd5 Ra6 18. b4 Nf4 19. Qb7 Qc8 (19... d5 $142 20. Nxd5 Nxd5) 20. Qxe7 Qxc3 21. b5 Ne2+ 22. Kh2 Ra8 23. Qb7 f5 24. Qxa8 f4 25. Qd5+ Kh8 26. Qxd6 Nd7 27. Bd2 Qc8 28. Nc6 Nb6 29. Ra7 {[%cal Oa7g7] Strongly threatening Rxg7!} f3 30. Qxe5 {[%csl Ga7][%cal Re5g7] White mates.} Rg8 31. Bh6 Nd7 {[#]} 32. Bxg7+ $1 Rxg7 {[#]} 33. Rxd7 $1 {White took control after the opening.  Weighted Error Value: White=0.09 (flawless) /Black=0.84} 1-0

[Event "Svetozar Gligoric Masters 2022"]
[Site "Belgrade"]
[Date "2022.07.21"]
[Round "6.24"]
[White "Drazic, Sinisa"]
[Black "Serikbay, Assel"]
[Result "0-1"]
[ECO "B50"]
[WhiteElo "2293"]
[BlackElo "2227"]
[Annotator "RC"]
[PlyCount "106"]
[EventDate "2022.07.18"]
[EventCountry "SRB"]
[SourceTitle "playchess.com"]
[Source "ChessBase"]
[SourceQuality "1"]
[TimeControl "40/5400+30:900+30"]

1. e4 c5 2. Nf3 d6 3. c3 Nf6 4. Be2 Nc6 5. d4 cxd4 6. cxd4 Nxe4 7. d5 Qa5+ 8. Nc3 Nb8 9. O-O Nxc3 10. bxc3 Nd7 11. Be3 Nf6 12. Qb3 Qc7 13. Bd4 g6 14. Bb5+ Bd7 15. Bxf6 exf6 16. Rfe1+ Be7 17. Re4 f5 18. Re3 Kf8 19. Rb1 Rb8 20. Qa4 Bxb5 21. Qd4 Rg8 22. Rxb5 Qd7 23. Rb1 Bd8 24. Qxa7 Qc7 25. Qd4 Qc5 26. Qxc5 dxc5 27. Ne5 Kg7 28. Nd7 Ra8 29. Rxb7 Rxa2 30. g3 Rd2 31. c4 Bg5 32. Re1 Ra8 33. Rb3 Raa2 34. Rf3 Rac2 35. h4 Bd8 36. Re8 Ba5 37. Ra8 Bb4 38. Ne5 Bc3 39. Nd3 Bf6 40. Nxc5 Rxc4 41. Rc8 Rdc2 42. Ne6+ fxe6 43. Rxc4 Rxc4 44. dxe6 Re4 45. Rb3 Rxe6 46. Kg2 Re2 47. Rb7+ Kh6 48. Rd7 Bc3 49. Rd3 Rc2 50. Kf1 Bb4 51. Rf3 Bc5 52. Kg2 Kh5 53. Rf4 Rxf2+ 0-1

[Event "Svetozar Gligoric Masters 2022"]
[Site "Belgrade"]
[Date "2022.07.21"]
[Round "7.1"]
[White "Koustav Chatterjee"]
[Black "Predke, Alexandr"]
[Result "0-1"]
[ECO "E06"]
[WhiteElo "2485"]
[BlackElo "2688"]
[Annotator "TA"]
[PlyCount "70"]
[EventDate "2022.07.18"]
[EventCountry "SRB"]
[SourceTitle "playchess.com"]
[Source "ChessBase"]
[SourceQuality "1"]
[TimeControl "40/5400+30:900+30"]

1. d4 Nf6 2. c4 e6 3. Nf3 d5 4. g3 Be7 5. Bg2 O-O 6. O-O c6 7. b3 b6 {[%cal Bb7b6,Bb6b5][%mdl 32] is now debated instead of 7...Nbd7.} 8. Nc3 a5 {E06: Closed Catalan: Early deviations.} 9. Nd2 b5 {[#]} 10. c5 $146 ({Predecessor:} 10. cxb5 cxb5 11. Nxb5 Qb6 12. Nc3 Qxd4 13. Bb2 Qb6 14. e4 Ba6 15. Re1 dxe4 16. Ndxe4 {1-0 (39) L'Ami,E (2622)-Jumabayev,R (2631) Wijk aan Zee 2022}) 10... e5 {The position is equal.} 11. dxe5 Nfd7 12. Nf3 (12. Bb2 $142) 12... Nxc5 $11 13. a3 f6 14. Bb2 Kh8 15. Rc1 a4 16. b4 Nb3 17. Rc2 (17. e4 $1 $14) 17... Bg4 18. Nb1 Bf5 19. Rc3 fxe5 ({Don't do} 19... d4 20. Rxb3 axb3 21. Nxd4 fxe5 22. Nxf5 Qxd1 23. Rxd1 Rxf5 24. Nd2 $14) 20. Nbd2 d4 {Black is more active.} 21. Rxb3 axb3 22. Nxe5 Bc2 23. Qc1 Ra7 24. Ndf3 (24. Nd3 $15) 24... c5 $17 25. bxc5 Bxc5 {Hoping for ...Qd6.} 26. Rd1 $2 {[%mdl 8192] This move loses the game for White.} (26. Nd3 $17 Bb6 27. Qd2) 26... Qe7 $19 27. Rxd4 Bxa3 28. Bf1 Bxb2 29. Qxb2 Qc5 {[#] Strongly threatening ...Ra2.} 30. Nd3 Qc7 31. Nd2 $2 (31. Nc1 Nc6 32. Rd5) 31... Ra2 {Black is clearly winning.} 32. Qc1 b2 33. Nxb2 Qc3 ({Less strong is} 33... Qf7 34. Rf4 Bf5 35. e4 $18) 34. Nf3 Rxb2 35. Qf4 {[%cal Rf4f8] [#]} Qc5 {Weighted Error Value: White=0.37/Black=0.06 (flawless)} 0-1

[Event "Svetozar Gligoric Masters 2022"]
[Site "Belgrade"]
[Date "2022.07.21"]
[Round "7.2"]
[White "Samant Aditya S"]
[Black "Rohith Krishna S"]
[Result "1/2-1/2"]
[ECO "C97"]
[WhiteElo "2431"]
[BlackElo "2326"]
[Annotator "TA"]
[PlyCount "92"]
[EventDate "2022.07.18"]
[EventCountry "SRB"]
[SourceTitle "playchess.com"]
[Source "ChessBase"]
[SourceQuality "1"]
[TimeControl "40/5400+30:900+30"]

1. e4 e5 2. Nf3 Nc6 3. Bb5 a6 4. Ba4 Nf6 5. O-O Be7 6. Re1 b5 7. Bb3 d6 8. c3 O-O 9. h3 Na5 10. Bc2 c5 11. d4 Qc7 12. Nbd2 Rd8 13. d5 c4 {C97: Closed Ruy Lopez: Chigorin Defence: 11 d4 Qc7, sidelines.} 14. Nb1 {[#]} Nb7 $146 ({Predecessor:} 14... Bd7 15. b4 cxb3 16. axb3 h6 17. Bd3 Rdc8 18. Be3 Qd8 19. Re2 Nb7 20. b4 a5 21. Rb2 {1-0 (57) Wosch,A (2251)-Szabo,M (2409) LSS email 2014}) 15. b4 cxb3 {White is slightly better.} 16. axb3 Nd7 17. Be3 {White is more active.} Nb6 $1 18. Na3 Nc5 19. Qe2 Bd7 20. Rec1 Rdc8 21. Nd2 Qd8 22. b4 Nca4 23. c4 Rcb8 (23... Nb2 $11) 24. Bxa4 $16 Nxa4 25. c5 $36 {[%mdl 2048] White has strong initiative.} Qf8 (25... dxc5 $16 26. bxc5 b4) 26. c6 $18 Be8 27. Nab1 f5 {[#]} 28. f3 $1 h5 (28... Bf7 $142 29. Nb3 Bf6) 29. Nc3 Nxc3 30. Rxc3 Bf7 31. Rca3 Qc8 32. Nb1 {Black must now prevent Qa2.} Bd8 33. Nc3 Bg6 $2 (33... f4) 34. Bf2 Bc7 35. exf5 Bxf5 36. Ne4 Bg6 37. Qd2 Kh8 38. Kh1 Bf7 39. Bh4 Qg8 40. Rxa6 Rxa6 41. Rxa6 {[#] Strongly threatening Ra7.} Bxd5 42. Ra7 Rc8 43. Nf6 gxf6 $11 {The position is equal.} 44. Rxc7 Rxc7 45. Qh6+ Qh7 46. Qf8+ Qg8 {Weighted Error Value: White=0.20 (precise) /Black=0.25 (precise)} 1/2-1/2